Map: Ruins of Seras

Players

Zurtoss

  • Race: Zerg Zerg
  • League: Silver

SticklerMac - Winner!

  • Race: Zerg Zerg
  • League: Silver

VOD

Have the link to the VOD?

Description

Time

  • Played on: Sept. 13, 2015, 6:08 p.m.
  • Length: 5:52
Show
View Real Time Build Order
Export as new Build Order

Zurtoss Zerg 

Build Orders: Hatch First 

Get SALT Encoding   

  12  0:07  Overlord  
  12  0:16  Drone  
  12  0:17  Drone  
  14  0:21  Extractor  
  14  0:23  Drone  
  14  0:29  Drone  
  15  0:40  Drone  
  16  1:01  Hatchery  
  16  1:04  Drone  
  16  1:07  Drone  
  17  1:12  Drone  
  18  1:23  Drone  
  19  1:36  Drone, Spawning Pool  
  19  1:43  Pneumatized Carapace  
  19  1:48  Drone  
  20  1:55  Drone  
  21  2:03  Extractor  
  21  2:06  Overlord  
  20  2:12  Overlord  
  20  2:16  Drone  
  21  2:34  Drone x2  
  21  2:35  Queen  
  25  2:37  Queen  
  27  2:46  Drone x2  
  29  2:54  Zergling x4  
  29  3:21  Zergling x2  
  29  3:22  Zergling x10  
  29  3:24  Metabolic Boost  
  35  3:33  Overlord  
  35  3:35  Overlord  
  35  3:41  Lair  
  31  4:00  Zergling x12  
  33  4:07  Zergling x4  
  28  4:15  Zergling x4  
  28  4:17  Zergling x2  
  31  4:21  Zergling x2  
  25  4:33  Zergling x2  
  25  4:34  Zergling x4  
  25  4:38  Zergling x2  
  26  4:41  Zergling x2  
  25  4:50  Zergling x4  
  25  4:53  Zergling x2  
  22  5:11  Baneling Nest  
  19  5:22  Zergling x2  
  19  5:23  Zergling x4  
  20  5:30  Evolution Chamber  
  20  5:33  Evolution Chamber  
  18  5:36  Spine Crawler  
Show
View Real Time Build Order
Export as new Build Order

SticklerMac Zerg - Winner!

Build Orders: Pool First 

Get SALT Encoding   

  12  0:01  Drone  
  13  0:09  Drone  
  13  0:13  Extractor  
  13  0:16  Drone  
  14  0:35  Spawning Pool  
  13  0:38  Drone  
  14  0:47  Overlord  
  14  1:05  Drone x3  
  17  1:21  Metabolic Boost  
  17  1:25  Queen  
  17  1:29  Drone  
  21  1:32  Drone  
  21  1:39  Overlord  
  21  1:49  Zergling x2  
  22  2:00  Overlord  
  22  2:09  Baneling Nest  
  21  2:16  Zergling x2  
  22  2:23  Hatchery  
  22  2:26  Drone  
  22  2:31  Drone  
  23  2:48  Zergling x2  
  23  2:49  Zergling x4  
  26  2:54  Queen  
  28  3:01  Zergling x2  
  28  3:04  Zergling x4  
  28  3:05  Zergling x2  
  31  3:17  Zergling x2  
  32  3:20  Baneling x2  
  32  3:21  Baneling  
  32  3:38  Zergling x8  
  32  3:39  Zergling x2  
  35  3:57  Zergling x2  
  35  4:06  Zergling x2  
  35  4:07  Zergling x6  
  37  4:12  Baneling x4  
  37  4:13  Zergling x2  
  33  4:36  Zergling x2  
  33  4:37  Zergling x6  
  35  4:49  Zergling x4  
  35  5:01  Zergling x2  
  36  5:08  Zergling x6  
  39  5:20  Zergling x2  
  37  5:25  Baneling x4  
  37  5:26  Baneling x4  
  37  5:27  Zergling x2  
  37  5:33  Zergling x2  
  37  5:34  Zergling x12  
Tags
 
Add a new tag
Caveats
  • Supply blocks, unpowered buildings, or Contaminate may cause inaccurate times.
  • Supply counts are checked every 10 seconds.